 Dungeon Crawl Stone Soup version 0.28.0 (webtiles) character file.

Game seed: 11661136580546155040

32 issech the Cudgeller (level 3, -2/36 HPs)
             Began as a Troll Monk on Feb 9, 2022.
             Slain by Terence (5 damage)
             ... on level 2 of the Dungeon.
             The game lasted 00:02:21 (980 turns).

issech the Cudgeller (Troll Monk)                    Turns: 980, Time: 00:02:24

Health: -2/36      AC:  4    Str: 19    XL:     3   Next: 8%
Magic:  2/2        EV: 10    Int:  6    God:
Gold:   43         SH:  0    Dex: 14    Spells: 2/2 levels left

rFire   . . .      SeeInvis .   a - +0 mace
rCold   . . .      Faith    .   (no shield)
rNeg    . . .      Spirit   .   b - +0 robe
rPois   .          Reflect  .   (helmet restricted)
rElec   .          Harm     .   (no cloak)
rCorr   .          Rampage  .   (gloves unavailable)
Will    .....                   (boots unavailable)
Stlth   ++........              (no amulet)
HPRegen 0.92/turn               (no ring)
MPRegen 0.08/turn               (no ring)

@: no status effects
A: large, unfitting armour, claws 3, regeneration 1, shaggy fur 1, tough skin 1
a: no special abilities


You were on level 2 of the Dungeon.
You visited 1 branch of the dungeon, and saw 2 of its levels.

You collected 43 gold pieces.

Inventory:

Hand Weapons
 a - a +0 mace (weapon)
Armour
 b - a +0 robe (worn)
Scrolls
 c - a scroll of enchant armour {unknown}


   Skills:
 + Level 2.8 Fighting
 + Level 3.2 Maces & Flails
 + Level 2.6 Dodging
 + Level 1.1 Stealth


You had 2 spell levels left.
You didn't know any spells.
Your spell library contained the following spells:

 Spells                   Type           Power      Damage    Failure   Level
 Foxfire                  Conj/Fire      0%         2x1d4     45%         1


Dungeon Overview and Level Annotations

Branches:
Dungeon (2/15)

Altars:

Annotations:
D:2 Natasha, Terence


Innate Abilities, Weirdness & Mutations

You are too large for most types of armour.
You have claws for hands.
Your natural rate of healing is unusually fast.
You are covered in fur. (AC +1)
You have tough skin. (AC +1)


Message History

There is a stone staircase leading down here.
You climb downwards.
There is a stone staircase leading up here.
Natasha hisses angrily.
Terence shouts!
Terence misses you.
You closely miss Terence. Terence barely misses you.
You barely miss Terence. Natasha casts a spell at you. The magic dart hits you.
Terence closely misses you.
You hit Terence but do no damage. Natasha claws you.
Terence shouts, "Get ready for death!"
Terence hits you with a +0 hand axe.
Natasha stares at you and mumbles some strange words.
You resist with significant effort.
You hit Terence.
Terence is moderately wounded.
Terence says, "Rest in peace."
Terence barely misses you. Natasha claws you.
You closely miss Terence.
Terence is moderately wounded.
Terence barely misses you.
Natasha mumbles some strange words.
Terence hits you with a +0 hand axe.
You closely miss the crimson imp. Natasha claws you.
The crimson imp barely misses you. Terence completely misses you.
You completely miss the crimson imp. Natasha claws you.
The crimson imp misses you. Terence barely misses you.
Natasha claws you but does no damage.
You hit the crimson imp.
The crimson imp is lightly wounded.
The crimson imp closely misses you. Terence hits you with a +0 hand axe.
Natasha barely misses you.
You closely miss the crimson imp. The crimson imp hits you.
Terence hits you with a +0 hand axe.
Natasha hisses.
Natasha stares at you and mumbles some strange words.
The magic dart hits you!
* * * LOW HITPOINT WARNING * * *
Terence hits you with a +0 hand axe.
You die...

# # .#.
#.# #.#
#.# #.#
#@#
###@##.#
#..5h..#
#.###..#
... ..#
### ##


You could see Terence, Natasha and a crimson imp (summoned).

Vanquished Creatures
  A dart slug (D:1)
  4 endoplasms (D:1)
  4 goblins (D:1)
  2 hobgoblins (D:1)
  A kobold (D:1)
  A quokka (D:1)
  3 ball pythons (D:1)
  2 bats (D:1)
  6 frilled lizards (D:1)
  5 rats (D:1)
29 creatures vanquished.

Vanquished Creatures (others)
  A plant (D:1)
1 creature vanquished.

Grand Total: 30 creatures vanquished

Notes
Turn   | Place    | Note
-------+----------+-------------------------------------------
     0 | D:1      | issech the Troll Monk began the quest for the Orb.
     0 | D:1      | Reached XP level 1. HP: 22/22 MP: 0/0
   145 | D:1      | Reached XP level 2. HP: 29/29 MP: 1/1
   370 | D:1      | Reached skill level 3 in Maces & Flails
   391 | D:1      | Found a faded altar of an unknown god.
   418 | D:1      | Got Plato's Volume of Damage Dealing
   675 | D:1      | Reached XP level 3. HP: 36/36 MP: 2/2
   970 | D:2      | Noticed Natasha
   970 | D:2      | Noticed Terence
   980 | D:2      | Slain by Terence

Illustrated notes

Levels and vault maps discovered:
D:1:      lightli_arrival_farm, layout_basic,
          shapermc_ecumenical_altar_rom_forum
D:2:      layout_loops_ring, uniq_natasha, uniq_terence

Skill      XL: |  1  2 |
---------------+-------+-----
Maces & Flails | 3 |  3.2
Fighting       | |  2.8
Dodging        | |  2.6
Stealth        | |  1.1

Action                   || total
-------------------------++-------
Melee: Mace              ||    83
 Stab: Sleeping          ||     1
Armor: Robe              ||    35
Dodge: Dodged            ||    72
